 Dungeon Crawl Stone Soup version 0.18.1-1-g2f07953 (webtiles) character file.

3600 shmeve the Fighter (level 9, -11/127 HPs)
             Began as a Minotaur Berserker on May 6, 2016.
             Was an Elder of Trog.
             Mangled by a swamp worm (16 damage)
             ... on level 8 of the Dungeon.
             The game lasted 00:17:04 (6494 turns).

shmeve the Fighter (Minotaur Berserker)             Turns: 6494, Time: 00:17:04

Health: -11/127    AC: 17    Str: 30    XL:     9   Next: 85%
Magic:  0/0        EV: 10    Int:  5    God:    Trog [****..]
Gold:   287        SH:  0    Dex:  9    Spells: 0 memorised, 8 levels left

rFire  . . .     SeeInvis .     t - +0 war axe
rCold  . . .     Gourm    .     k - +0 plate armour (curse)
rNeg   + . .     Faith    .     (no shield)
rPois  +         Spirit   .     (helmet restricted)
rElec  .         Dismiss  .     H - +0 cloak
rCorr  .         Reflect  .     (no gloves)
SustAt .         Harm     .     A - +2 pair of boots "Gikhlunue" {rPois rN+ MP-9}
MR     .....                    (no amulet)
Stlth  ..........               (no ring)
                                (no ring)

@: berserking, very quick, not resistant to hostile enchantments, extremely
unstealthy
A: retaliatory headbutt, horns 2
a: Berserk, Trog's Hand, Brothers in Arms, Burn Spellbooks, Renounce Religion


You were on level 8 of the Dungeon.
You worshipped Trog.
Trog was greatly pleased with you.
You were not hungry.

You visited 1 branch of the dungeon, and saw 8 of its levels.
You also visited: Ossuary.

You collected 505 gold pieces.
You spent 218 gold pieces at shops.

Inventory:

Hand Weapons
 t - a +0 war axe (weapon)
Missiles
 s - 7 javelins (quivered)
Armour
 k - a cursed +0 plate armour (worn)
 A - the +2 pair of boots "Gikhlunue" (worn) {rPois rN+ MP-9}
   (You bought it in a shop on level 5 of the Dungeon)

   It protects you from poison.
   It protects you from negative energy.
   It affects your magic capacity (-9).
 H - a +0 cloak (worn)
Wands
 E - a wand of heal wounds (1/9)
Scrolls
 a - 4 scrolls of random uselessness {unknown}
 e - 11 scrolls of identify {unknown}
 h - 4 scrolls of teleportation {unknown}
 n - 4 scrolls of remove curse {unknown}
 p - 2 scrolls of magic mapping {unknown}
 q - 2 scrolls of immolation {unknown}
 r - 3 scrolls of enchant weapon {unknown}
 x - a scroll of enchant armour {unknown}
 y - 3 scrolls of noise {unknown}
 z - 2 scrolls of silence {unknown}
 B - a scroll of blinking {unknown}
 F - a scroll of fog {unknown}
Potions
 b - 2 potions of degeneration {unknown}
 d - 3 potions of resistance {unknown}
 f - 3 potions of flight {unknown}
 g - 3 potions of lignification {unknown}
 j - 5 potions of heal wounds {unknown}
 l - 6 potions of brilliance {unknown}
 m - a potion of invisibility {unknown}
 o - 2 potions of mutation {unknown}
 u - a potion of cancellation {unknown}
 v - a potion of ambrosia {unknown}
 w - 3 potions of curing {unknown}
 G - 2 potions of haste
Comestibles
 c - 6 bread rations
 i - 8 meat rations
 C - 8 slices of pizza


   Skills:
 * Level 9.7 Fighting
 * Level 9.7 Axes
 + Level 5.2 Throwing
 + Level 6.7 Armour
 + Level 6.2 Dodging


You had 8 spell levels left.
You didn't know any spells.

Dungeon Overview and Level Annotations

Branches:
Dungeon (8/15)             Temple (0/1) D:4            Lair (0/8) D:8

Altars:
Elyvilon
Fedhas
Gozag
Pakellas
Ru
Yredelemnul
Zin

Shops:
D:5 [


Innate Abilities, Weirdness & Mutations

You reflexively headbutt those who attack you in melee.
You have a pair of horns on your head.


Message History

Your unstable footing causes you to fumble your attack.
The swamp worm bites you but does no damage.
Unknown command.
Your unstable footing causes you to fumble your attack.
Unknown command.
Your unstable footing causes you to fumble your attack.
The swamp worm barely misses you.
Unknown command.
Your unstable footing causes you to fumble your attack.
The swamp worm bites you!
* * * LOW HITPOINT WARNING * * *
Unknown command.
Your unstable footing causes you to fumble your attack.
The swamp worm barely misses you.
You closely miss the swamp worm.
The swamp worm is lightly wounded.
You slash the swamp worm!
The swamp worm is heavily wounded.
The swamp worm bites you!
You die...

................#....#♣♣♣♣♣#♣...♣
..####.##.#...###.##.######♣..♣♣#
..#...........# #.##.........♣###
..####.##.#..####.##........###..
^.##.#.##.#.≈≈≈≈≈≈≈#....#.......#
..........≈≈≈≈≈≈≈≈≈≈≈...###>#.#.#
.........≈≈≈#######≈≈≈..###.#.#..
..##.#.#.≈≈##≈≈≈≈≈#≈≈≈.........).
#.##.#.#.≈≈#)≈≈w@≈≈≈≈≈.........))
#.##.#.#.≈≈##≈≈≈≈≈#P≈≈#.#####.##)
#.##.#.#.≈≈≈#######≈≈≈#.# #.##)
..........≈≈≈≈≈≈≈≈≈≈≈.#.#####.##.
#.##.#.#....≈(≈≈≈)≈).............
...............(.....##.#####.##.
..............#.#.#####.# #....
.......#...##.....# #.# ####.
#....#.#...##.#.#.# #.# #.


You could see a swamp worm.

Vanquished Creatures
  Sigmund (D:5)
  A human (D:8)
  A hippogriff (D:8)
  Edmund (D:5)
  A water moccasin (D:7)
  A black bear (D:8)
  2 orc warriors (D:8)
  4 sky beasts
  2 phantoms (D:5)
  5 ogres
  2 centaurs (D:8)
  2 big kobolds (D:8)
  4 water moccasin zombies (Ossuary)
  2 giant frogs
  A scorpion (D:4)
  3 howler monkeys
  2 crimson imps
  2 hounds
  A quasit (D:7)
  3 jellies
  2 orc priests
  4 orc wizards
  A centaur skeleton (D:4)
  An iguana (D:8)
  3 worker ants
  3 big kobold zombies (Ossuary)
  A hound zombie (D:8)
  2 hound skeletons
  2 mummies (Ossuary)
  3 gnolls (D:5)
  6 adders
  2 shadow imps (D:8)
  An ooze (D:2)
  3 adder zombies
  16 worms
  2 giant geckos
  13 orcs
  7 giant cockroaches
  2 gnoll zombies (Ossuary)
  5 hobgoblins
  5 jackals
  2 quokkas
  3 ball pythons
  5 bats
  4 giant newts
  3 goblins
  3 hobgoblin zombies (Ossuary)
  16 kobolds
  6 kobold zombies (Ossuary)
  6 orc zombies (Ossuary)
  5 rats
178 creatures vanquished.

Vanquished Creatures (others)
  3 plants (D:8)
3 creatures vanquished.

Grand Total: 181 creatures vanquished

Notes
Turn   | Place    | Note
--------------------------------------------------------------
     0 | D:1      | shmeve the Minotaur Berserker began the quest for the Orb.
     0 | D:1      | Reached XP level 1. HP: 19/19 MP: 0/0
   426 | D:1      | Reached XP level 2. HP: 26/27 MP: 1/1
   848 | D:2      | Reached XP level 3. HP: 33/33 MP: 2/2
  1323 | D:3      | Reached ** piety under Trog
  1600 | D:3      | Reached skill level 1 in Throwing
  1907 | D:3      | Reached XP level 4. HP: 37/41 MP: 3/3
  2282 | D:4      | Found a sacrificial altar of Ru.
  2311 | D:4      | Reached skill level 5 in Fighting
  2311 | D:4      | Reached XP level 5. HP: 34/48 MP: 4/4
  2327 | D:4      | Reached skill level 5 in Axes
  2554 | D:4      | Reached XP level 6. HP: 55/56 MP: 5/5
  2563 | D:4      | Found a staircase to the Ecumenical Temple.
  2921 | D:5      | Entered Level 5 of the Dungeon
  2921 | D:5      | Noticed Sigmund
  2928 | D:5      | Killed Sigmund
  2928 | D:5      | Reached XP level 7. HP: 63/63 MP: 6/6
  3000 | D:5      | Noticed Edmund
  3007 | D:5      | Killed Edmund
  3117 | D:5      | Reached *** piety under Trog
  3117 | D:5      | Reached XP level 8. HP: 71/71 MP: 7/7
  3240 | D:5      | Found a sand-covered staircase.
  3245 | Ossuary  | Entered an ossuary
  3370 | Ossuary  | Reached skill level 5 in Armour
  3614 | D:5      | Found Iminosu's Antique Armour Shoppe.
  3621 | D:5      | Bought a pair of ichor-stained boots for 218 gold pieces
  3626 | D:5      | Identified the +2 pair of boots "Gikhlunue" {rPois rN+ MP-9} (You bought it in a shop on level 5 of the Dungeon)
  3753 | D:5      | Reached skill level 5 in Dodging
  3829 | D:5      | Found an oddly glowing altar of Pakellas.
  3829 | D:5      | Found a blossoming altar of Fedhas.
  4817 | D:7      | Found an opulent altar of Gozag.
  4818 | D:7      | Found a glowing silver altar of Zin.
  4835 | D:7      | Reached XP level 9. HP: 82/82 MP: 0/8
  5080 | D:8      | Found a staircase to the Lair.
  5117 | D:8      | Found a white marble altar of Elyvilon.
  5518 | D:8      | Reached skill level 5 in Throwing
  5734 | D:8      | Reached **** piety under Trog
  6118 | D:8      | Found a basalt altar of Yredelemnul.
  6491 | D:8      | HP: 4/127 [swamp worm (11)]
  6494 | D:8      | Mangled by a swamp worm

Skill      XL: |  1  2  3  4  5  6  7  8  9 |
---------------+----------------------------+-----
Fighting       | 4 5 6 8 9 |  9.7
Armour         | 3 4 5 6 |  6.7
Axes           | 4 5 6 8 9 |  9.7
Throwing       | 1 2 3 4 5 |  5.2
Dodging        | 3 4 5 6 |  6.2

Action                   |  1- 3 |  4- 6 |  7- 9 || total
-------------------------+-------+-------+-------++-------
Melee: Hand axe          |   112 |    52 |       ||   164
       Headbutt          |    13 |     8 |    70 ||    91
       War axe           |       |    32 |   329 ||   361
Invok: Berserk           |       |     2 |     5 ||     7
       Trog's Hand       |       |     2 |     1 ||     3
       Burn Spellbooks   |       |     1 |     1 ||     2
Evoke: Wand              |       |       |     1 ||     1
 Stab: Sleeping          |     1 |       |       ||     1
  Eat: Chunk             |     1 |     3 |    10 ||    14
       Fruit             |       |     5 |     6 ||    11
       Royal jelly       |       |       |     1 ||     1
Armor: Animal skin       |     4 |       |       ||     4
       Plate armour      |    64 |    68 |   245 ||   377
Dodge: Dodged            |    49 |    38 |   161 ||   248
